 Dungeon Crawl Stone Soup version 0.27.0-1-g7a089689b8 (webtiles) character file.

Game seed: 8548225235863775282

56 MajorAdolf the Sneak (level 3, -5/31 HPs)
             Began as a Naga Wanderer on Aug 13, 2021.
             Slain by a gnoll (9 damage)
             ... on level 2 of the Dungeon.
             The game lasted 00:04:00 (3747 turns).

MajorAdolf the Sneak (Naga Wanderer)                Turns: 3747, Time: 00:04:00

Health: -5/31      AC:  2    Str: 14    XL:     3   Next: 97%
Magic:  6/6        EV:  9    Int: 12    God:
Gold:   67         SH:  0    Dex: 11    Spells: 6/7 levels left

rFire    . . .     SeeInvis +   f - +0 dagger
rCold    . . .     Faith    .   (no shield)
rNeg     . . .     Spirit   .   b - +0 robe
rPois    +         Reflect  .   (no helmet)
rElec    .         Harm     .   (no cloak)
rCorr    .         Rampage  .   (no gloves)
Will     .....                  (no barding)
Stlth    ++........             (no amulet)
HPRegen  0.10/turn              (no ring)
MPRegen  0.10/turn              (no ring)

@: very slow
A: AC +1, large, see invisible, deformed body, poison resistance, slowness 2,
spit poison 1, naga tail 1
a: Spit Poison


You were on level 2 of the Dungeon.
You visited 1 branch of the dungeon, and saw 2 of its levels.

You collected 67 gold pieces.

Inventory:

Hand Weapons
 f - a +0 dagger (weapon)
Armour
 b - a +0 robe (worn)
Jewellery
 g - a ring of resist corrosion
Scrolls
 a - a scroll of teleportation {unknown}
 d - a scroll of identify {unknown}
 e - a scroll of immolation {unknown}
Potions
 c - 2 potions of curing


   Skills:
 + Level 1.6 Fighting
 - Level 3.0 Long Blades
 - Level 1.0 Throwing
 - Level 1.5 Dodging
 + Level 3.1 Stealth
 + Level 2.5 Spellcasting
 + Level 1.4 Conjurations
 - Level 1.0 Earth Magic


You had 6 spell levels left.
You knew the following spells:

 Your Spells              Type           Power      Damage    Failure   Level
a - Magic Dart            Conj           16%        1d3       14%         1

Your spell library contained the following spells:

 Spells                   Type           Power      Damage    Failure   Level
 Blink                    Tloc           N/A        N/A       36%         2
 Call Imp                 Summ           1%         N/A       36%         2
 Slow                     Hex            1%         N/A       36%         2
 Conjure Flame            Conj/Fire      3%         6-21      50%         3
 Mephitic Cloud           Conj/Pois/Air  2%         N/A       54%         3


Dungeon Overview and Level Annotations

Branches:
Dungeon (2/15)

Altars:

Shops:
D:1 *


Innate Abilities, Weirdness & Mutations

Your serpentine skin is tough. (AC +1)
You have supernaturally acute eyesight. (SInv)
Armour fits poorly on your strangely shaped body.
Your system is resistant to poisons. (rPois)
You cover ground very slowly.
You can spit poison.
You have a snake-like lower body.


Message History

You are frozen.
You hit the endoplasm.
The endoplasm is almost dead.
The endoplasm freezes you.
You are frozen.
You hit the endoplasm.
You kill the endoplasm!
You start resting.
Magic restored.
You start resting.
HP restored.
You start waiting.
Done waiting.
Unknown command. 2 gnolls come into view.
The gnoll shouts! x2; You hear a shout!
A hobgoblin comes into view.
A gnoll comes into view. It is wielding a +0 whip.
The gnoll shouts!
There are monsters nearby!
There are monsters nearby!
Okay, then.
The gnoll hits you with a +0 whip. The gnoll hits you with a +0 whip.
The gnoll closely misses you. The gnoll barely misses you.
The gnoll hits you with a +0 whip. The gnoll hits you with a +0 whip!
The gnoll closely misses you. The gnoll barely misses you.
The gnoll hits you from afar with a +0 spear.
* * * LOW HITPOINT WARNING * * *
The gnoll hits you with a +0 whip.
* * * LOW HITPOINT WARNING * * *
Okay, then.
The gnoll barely misses you. The gnoll hits you with a +0 whip.
* * * LOW HITPOINT WARNING * * *
The gnoll hits you from afar with a +0 spear!
You die...

.# #.#.# .#
#.#.#####
.###.......#
...........#
.####.###..#######
...........gg..g.#
......##########g#
#.........#...<#g#
#.###.#.#.#.####@#
#.# #...#.#......#
#.#######.#########
#g..ggg.#.........#
#######.#########^#
#.###### #.#
#g#....####.#
#g#...... #..
#g#..#.##.###


You could see 3 gnolls.

Vanquished Creatures
  An adder (D:2)
  A worm (D:2)
  2 dart slugs
  2 ball pythons
  4 bats
  6 endoplasms
  A giant cockroach (D:1)
  5 goblins
  2 hobgoblins
  3 quokkas
  3 frilled lizards
  4 kobolds
  4 rats (D:1)
38 creatures vanquished.

Vanquished Creatures (others)
  2 plants (D:2)
2 creatures vanquished.

Grand Total: 40 creatures vanquished

Notes
Turn   | Place    | Note
-------+----------+-------------------------------------------
     0 | D:1      | MajorAdolf the Naga Wanderer began the quest for the Orb.
     0 | D:1      | MajorAdolf set off with the following items: a +0 club, a
                  | +0 robe, 2 potions of curing; and the following spell
                  | memorised: Magic Dart; and the following spells available
                  | to memorise: Blink, Call Imp, Slow, Conjure Flame, Mephitic
                  | Cloud
     0 | D:1      | Reached XP level 1. HP: 15/15 MP: 3/3
   346 | D:1      | Reached XP level 2. HP: 24/24 MP: 1/5
  1278 | D:1      | Found Hodytoah's General Store.
  1333 | D:1      | Reached skill level 1 in Fighting
  1557 | D:1      | Reached skill level 1 in Conjurations
  1620 | D:1      | Reached XP level 3. HP: 15/31 MP: 0/6
  3747 | D:2      | Slain by a gnoll

Illustrated notes

Levels and vault maps discovered:
D:1:      lightli_arrival_boilingwater, layout_loops_ring, serial_shops,
          nicolae_shop_behind_doors
D:2:      layout_basic, hellmonk_ecumenical_altar_defaced_shrine,
          serial_bayou_pond_b

Skill      XL: |  1  2  3 |
---------------+----------+-----
Stealth        | 2 3 |  3.1
Fighting       | 1 |  1.6
Conjurations   | 1 |  1.4
Long Blades    | |  3.0
Throwing       | |  1.0
Dodging        | |  1.5
Spellcasting   | |  2.5
Earth Magic    | |  1.0

Action                   || total
-------------------------++-------
Melee: Club              ||     1
       Dagger            ||    27
 Cast: Magic Dart        ||   112
 Abil: Spit Poison       ||    22
  Use: Potion            ||     1
Armor: Robe              ||    11
Dodge: Dodged            ||    36
